 Dungeon Sprint DCSS version 0.30-a0-50-gb2d611f6b1 (webtiles) character file.

Game seed: 7462351633901799821

292 rocky1 the Fighter (level 6, -1/74 HPs)
             Began as an Ogre Gladiator on Sept 5, 2022.
             Was a Follower of Okawaru.
             Slain by an orc wizard
             ... wielding a +2 dagger of venom
              (4 damage)
             ... in the Dungeon (Sprint VII: "The Pits").
             The game lasted 00:02:54 (632 turns).

rocky1 the Fighter (Ogre Gladiator)                  Turns: 632, Time: 00:02:55

Health: -1/74      AC:  3    Str: 21    XL:     6   Next: 33%
Magic:  6/6        EV: 11    Int:  9    God:    Okawaru [*.....]
Gold:   0          SH:  0    Dex: 10    Spells: 5/5 levels left

rFire   . . .      SeeInvis .    o - +1 flail (vorpal)
rCold   . . .      Faith    .    (no shield)
rNeg    . . .      Spirit   .    b - +0 robe
rPois   .          Reflect  .    c - +0 hat
rElec   .          Harm     .    (no cloak)
rCorr   .          Rampage  .    (gloves unavailable)
Will    .....      NoTele   +    (boots unavailable)
Stlth   +.........               (no amulet)
HPRegen 0.22/turn                (no ring)
MPRegen 0.10/turn                (no ring)

@: lethally poisoned (-1 -> -21), on berserk cooldown, slowed, very slow
A: large, unfitting armour, tough skin 1
a: Renounce Religion, Heroism


You were in the Dungeon.
You worshipped Okawaru.
Okawaru was aware of your devotion.
You visited 1 branch

Inventory:

Hand Weapons
 o - a +1 vorpal flail (weapon)
Missiles
 d - a throwing net (quivered)
Armour
 b - a +0 robe (worn)
 c - a +0 hat (worn)
Scrolls
 k - a scroll of blinking
 m - 5 scrolls of amnesia
 n - a scroll of summoning
Potions
 f - 4 potions of curing
 g - 2 potions of heal wounds
 h - a potion of haste
 i - 4 potions of magic
 j - 2 potions of berserk rage
 l - 2 potions of invisibility


   Skills:
 + Level 8.8 Fighting
 + Level 8.7 Maces & Flails
 - Level 2.0 Throwing
 + Level 0.3 Armour
 + Level 6.4 Dodging
 + Level 0.6 Invocations


You had 5 spell levels left.
You didn't know any spells.
Your spell library was empty.

Dungeon Overview and Level Annotations

Branches:
Dungeon (1/1)

Altars:
Ashenzari
Cheibriados
Dithmenos
Elyvilon
Fedhas
Gozag
Hepliaklqana
Kikubaaqudgha
Makhleb
Nemelex Xobeh
Okawaru
Qazlal
Ru
Sif Muna
Trog
Uskayaw
Vehumet
Wu Jian
Xom
Yredelemnul
Zin
The Shining One
Jiyva
Lugonu


Innate Abilities, Weirdness & Mutations

You are too large for most types of armour.
You have tough skin. (AC +1)


Message History

The orc struggles against the net.
You hear some strange, mumbled words.
A magic dart appears from out of thin air!
The magic dart hits you!
* * * LOW HITPOINT WARNING * * *
The orc struggles against the net.
Something hits you.
* * * LOW HITPOINT WARNING * * *
You are more poisoned.
You feel much better.
* * * LOW HITPOINT WARNING * * *
You feel extremely sick.
You hear some strange, mumbled words.
Something tries to affect you, but you resist.
The orc struggles against the net.
Unknown command.
Okay, then.
You feel better.
The orc struggles against the net.
Something hits you.
You are poisoned.
The orc struggles against the net.
The net rips apart, and the orc comes free!
Something hits you.
* * * LOW HITPOINT WARNING * * *
You are lethally poisoned!
Throw: large rock
Press: ? - help, Q - select action, (/) - cycle Shift-Dir - straight line, p - orc You throw a large rock.
The large rock barely misses the orc.
The large rock closely misses the orc.
The large rock hits the worm!!
You kill the worm!
Okawaru accepts your kill.
* * * LOW HITPOINT WARNING * * *
You feel extremely sick. Something hits you.
* * * LOW HITPOINT WARNING * * *
An orc comes into view. It is wielding a +0 war axe.
Something hits you.
* * * LOW HITPOINT WARNING * * *
You are more poisoned.
Something hits you.
You die...

#.?(.')))'.##.....
##########.##.....
#...........'.....
#'#####'#####.....
#.#...#.#..##†....
#.#...#.#))#####'#
#.#...÷.#))##.....
#.##÷####))##.....
#@#.....#[[##.....
#{#.....#'###...<.
#o#........##.....
#o#........##.....
#(###########.....
#.o...o.# ######
#..#.#..# #.## #
#..


You could see 3 orcs.

Vanquished Creatures
  A flying skull (D)
  An ice beast (D)
  A mummy (D)
  An adder (D)
  A river rat (D)
  A worm (D)
  An orc (D)
  An endoplasm (D)
  A hobgoblin (D)
  2 bats (D)
  A frilled lizard (D)
  A jackal skeleton (D)
13 creatures vanquished.

Notes
Turn   | Place    | Note
-------+----------+-------------------------------------------
     0 | D        | rocky1 the Ogre Gladiator began the quest for the Orb.
     0 | D        | Reached XP level 1. HP: 22/22 MP: 1/1
    51 | D        | Found a bloodstained altar of Trog.
    51 | D        | Found a shimmering blue altar of Sif Muna.
    51 | D        | Found a viscous altar of Jiyva.
    51 | D        | Found a hazy altar of Hepliaklqana.
    51 | D        | Found an opulent altar of Gozag.
    52 | D        | Found a glowing golden altar of the Shining One.
    52 | D        | Found a glowing silver altar of Zin.
    52 | D        | Found a basalt altar of Yredelemnul.
    52 | D        | Found a shimmering altar of Xom.
    52 | D        | Found an ornate altar of the Wu Jian Council.
    52 | D        | Found a sacrificial altar of Ru.
    52 | D        | Found a stormy altar of Qazlal.
    52 | D        | Found an iron altar of Okawaru.
    52 | D        | Found a sparkling altar of Nemelex Xobeh.
    52 | D        | Found a burning altar of Makhleb.
    52 | D        | Found a blossoming altar of Fedhas.
    52 | D        | Found a white marble altar of Elyvilon.
    52 | D        | Found a shadowy altar of Dithmenos.
    52 | D        | Found a snail-covered altar of Cheibriados.
    55 | D        | Found a corrupted altar of Lugonu.
    55 | D        | Found a radiant altar of Vehumet.
    56 | D        | Found an ancient bone altar of Kikubaaqudgha.
    56 | D        | Found a hide-covered altar of Uskayaw.
    56 | D        | Found a broken altar of Ashenzari.
    60 | D        | Became a worshipper of Warmaster Okawaru
    78 | D        | Reached XP level 2. HP: 32/32 MP: 2/2
   220 | D        | Noticed an ice beast
   233 | D        | Reached XP level 3. HP: 18/40 MP: 3/3
   510 | D        | Killed an ice beast
   511 | D        | Reached skill level 5 in Dodging
   511 | D        | Reached XP level 4. HP: 39/53 MP: 4/4
   511 | D        | Reached XP level 5. HP: 45/61 MP: 5/5
   592 | D        | Noticed a flying skull
   604 | D        | Killed a flying skull
   604 | D        | Reached * piety under Okawaru
   605 | D        | Reached XP level 6. HP: 74/74 MP: 6/6
   624 | D        | HP: 1/74 [something/puff of flame (12)]
   632 | D        | HP: 3/74 [something (5)]
   632 | D        | Slain by an orc wizard

Illustrated notes

Levels and vault maps discovered:
D:        pitsprint [storerooms_1, entrance_room_1, metal_vault_4, armoury_3,
          mini_pit_1, grid_room_1, main_hall_1, silver_pit, the_coven_1,
          the_vestibule_1, steel_vault_1, golden_pit, hallway_of_sentries,
          crystal_vault_4, iron_vault_2, final_vault]

Skill      XL: |  1  2  3  4  5 |
---------------+----------------+-----
Fighting       | 3 4 6 8 |  8.8
Maces & Flails | 3 4 6 8 |  8.7
Dodging        | 3 5 6 |  6.4
Throwing       | |  2.0
Armour         | |  0.3
Invocations    | |  0.6

Action                   |  1- 3 |  4- 6 || total
-------------------------+-------+-------++-------
Melee: Flail             |    36 |    18 ||    54
Throw: Throwing net      |     2 |     1 ||     3
       Large rock        |       |     1 ||     1
  Use: Potion            |       |     7 ||     7
Armor: Robe              |    14 |     4 ||    18
Dodge: Dodged            |    15 |     6 ||    21

Table legend: (Time is in decaauts)
 A = Elapsed time spent in this place.
 B = Non-inter-level travel time spent in this place.
 C = Inter-level travel time spent in this place.
 D = Time resting spent in this place.
 E = Time spent auto-exploring this place.
 F = Levels seen in this place.
 G = Mean time per level.
                   A        B        C        D        E       F      G
               +--------+--------+--------+--------+--------+-----+--------+
         Total |    644 |    624 |     20 |    415 |      0 |   1 |  644.0 |
       Dungeon |    644 |    624 |     20 |    415 |      0 |   1 |  644.0 |
               +--------+--------+--------+--------+--------+-----+--------+

Top non-repeatable levels by time:
       D: 644 daAuts
